 Dungeon Sprint DCSS version 0.30.1-11-g7821555f0a (webtiles) character file.

Game seed: 5478063951667862898

916 Heoruswealwe the Spear-Bearer (level 7, -8/73 HPs)
             Began as a Minotaur Fighter on Dec 3, 2023.
             Was an Initiate of Gozag.
             Mangled by a purple ugly thing (15 damage)
             ... in the Dungeon (Sprint IX: "|||||||||||||||||||||||||||||").
             The game lasted 00:02:30 (160 turns).

Heoruswealwe the Spear-Bearer (Minotaur Fighter)     Turns: 160, Time: 00:02:31

Health: -8/73      AC:  8    Str: 22    XL:     7   Next: 83%
Magic:  6/6        EV: 10    Int:  5    God:    Gozag
Gold:   468        SH:  0    Dex: 10    Spells: 6/6 levels left

rFire   + . .        b - +2 halberd "Piazo" {spect, Drain rElec rF+ rC+}
rCold   + . .        (shield currently unavailable)
rNeg    . . .        c - +0 scale mail
rPois   .            (helmet restricted)
rElec   +            (no cloak)
rCorr   .            (no gloves)
SInv    .            (no boots)
Will    .....        (no amulet) Stlth
                     (no ring)
HPRegen 0.32/turn    (no ring)
MPRegen 0.10/turn

%: no teleportation
@: gold aura
A: horns 2, retaliatory headbutt
a: Renounce Religion, Potion Petition, Call Merchant, Bribe Branch


You were in the Dungeon.
You worshipped Gozag.
Gozag was aware of your devotion.
You visited 1 branch You collected 468 gold pieces.

Inventory:

Hand Weapons
 a - a +0 trident
 b - the +2 halberd "Piazo" (weapon) {spect, Drain rElec rF+ rC+}
   (You found it in the Dungeon)

   rF:        It protects you from fire.
   rC:        It protects you from cold.
   rElec:     It insulates you from electricity.
   Drain:     It drains your maximum health when unequipped.
Armour
 c - a +0 scale mail (worn)
 d - a +0 buckler
Jewellery
 l - a +3 ring of intelligence
 m - a +3 ring of intelligence
Wands
 h - a wand of acid (10)
Scrolls
 j - 2 scrolls of blinking
Potions
 e - 5 potions of curing
 f - 3 potions of heal wounds
 g - a potion of haste
 i - a potion of berserk rage
 k - a potion of might


   Skills:
 + Level 10.9 Fighting
 * Level 14.5 Polearms
 + Level 10.9 Armour
 - Level 3.6 Shields


You had 6 spell levels left.
You didn't know any spells.
Your spell library was empty.

Dungeon Overview and Level Annotations

Branches:
Dungeon (1/1)

Altars:
Cheibriados
Dithmenos
Elyvilon
Fedhas
Gozag
Hepliaklqana
Kikubaaqudgha
Makhleb
Nemelex Xobeh
Okawaru
Qazlal
Ru
Sif Muna
Trog
Uskayaw
Vehumet
Wu Jian
Xom
Yredelemnul
Zin
The Shining One
Jiyva
Lugonu


Innate Abilities, Weirdness & Mutations

You have a pair of horns on your head.
You reflexively headbutt those who attack you in melee.


Message History

* * * LOW HITPOINT WARNING * * *
The manticore claws you!
* * * LOW HITPOINT WARNING * * *
The manticore closely misses you.
The boulder beetle misses your +2 halberd "Piazo" {spect, Drain rElec rF+ rC+}.
The boulder beetle stops rolling and uncurls.
You slash the manticore! Your headbutt misses the manticore.
The manticore is almost dead.
Your +2 halberd "Piazo" {spect, Drain rElec rF+ rC+} hits the manticore from afar!!
You kill the manticore!
The boulder beetle curls into a ball and begins rolling!
Your Fighting skill increases to level 10!
Your Polearms skill gained 2 levels and is now at level 14!
Your Armour skill increases to level 10!
You barely miss the purple ugly thing.
Your +2 halberd "Piazo" {spect, Drain rElec rF+ rC+} barely misses the purple ugly thing.
The purple ugly thing barely misses you.
You hit the purple ugly thing but do no damage.
Your +2 halberd "Piazo" {spect, Drain rElec rF+ rC+} barely misses the purple ugly thing.
The boulder beetle hits your +2 halberd "Piazo" {spect, Drain rElec rF+ rC+} but does no damage.
The boulder beetle stops rolling and uncurls.
The death knight is distracted by your dazzling golden aura.
The purple ugly thing misses you. You furiously retaliate!
You headbutt the purple ugly thing, but do no damage.
The death knight shouts!
You slice the purple ugly thing!! You headbutt the purple ugly thing.
The purple ugly thing is moderately wounded.
Your +2 halberd "Piazo" {spect, Drain rElec rF+ rC+} hits the purple ugly thing from afar.
The boulder beetle closely misses your +2 halberd "Piazo" {spect, Drain rElec rF+ rC+}.
The purple ugly thing engulfs you but does no damage.
You barely miss the purple ugly thing. You headbutt the purple ugly thing.
The purple ugly thing is heavily wounded.
Your +2 halberd "Piazo" {spect, Drain rElec rF+ rC+} hits the purple ugly thing but does no damage.
The boulder beetle barely misses your +2 halberd "Piazo" {spect, Drain rElec rF+ rC+}.
You closely miss the purple ugly thing.
The purple ugly thing is heavily wounded.
Your +2 halberd "Piazo" {spect, Drain rElec rF+ rC+} hits the purple ugly thing from afar!
The purple ugly thing engulfs you!
You die...
Your body crumbles into a pile of gold.

▓+▓
▓.▓
▓.▓
▓p▓
▓Q▓
▓y▓
▓u▓
▓@▓
▓(▓
$
▓B▓
$
▓.▓
$ $
▓.▓
$
▓)▓
$
▓.▓
▓)▓
$
▓.▓


You could see a death knight, a boulder beetle, a purple ugly thing, a tengu
warrior, a vampire mosquito and a friendly +2 halberd "Piazo" {spect, Drain
rElec rF+ rC+}.

Vanquished Creatures
  A manticore (D)
  A yak (D)
  An acid dragon (D)
  A kobold brigand (D)
  A scorpion (D)
  A howler monkey (D)
  2 orc wizards (D)
  An iguana (D)
  An adder (D)
  An ufetubus (D)
  An orc (D)
  A goblin (D)
  A ball python (D)
  2 kobolds (D)
  A rat (D)
17 creatures vanquished.

Notes
Turn   | Place    | Note
-------+----------+-------------------------------------------
     0 | D        | Heoruswealwe the Minotaur Fighter began the quest for the
                  | Orb.
     0 | D        | Reached XP level 1. HP: 19/19 MP: 0/0
    16 | D        | Reached skill level 3 in Polearms
    48 | D        | Noticed a scorpion
    48 | D        | Noticed an iguana
    53 | D        | Killed an iguana
    54 | D        | Reached skill level 5 in Fighting
    54 | D        | Reached skill level 5 in Polearms
    54 | D        | Reached skill level 5 in Armour
    54 | D        | Reached XP level 2. HP: 18/29 MP: 1/1
    54 | D        | Reached XP level 3. HP: 22/36 MP: 2/2
    55 | D        | Reached skill level 6 in Polearms
    62 | D        | Killed a scorpion
    63 | D        | Reached skill level 8 in Polearms
    63 | D        | Reached XP level 4. HP: 27/45 MP: 3/3
    69 | D        | Found a snail-covered altar of Cheibriados.
    69 | D        | Found a shadowy altar of Dithmenos.
    69 | D        | Found a white marble altar of Elyvilon.
    69 | D        | Found a blossoming altar of Fedhas.
    69 | D        | Found an opulent altar of Gozag.
    70 | D        | Found a hazy altar of Hepliaklqana.
    71 | D        | Found a viscous altar of Jiyva.
    72 | D        | Found an ancient bone altar of Kikubaaqudgha.
    73 | D        | Found a corrupted altar of Lugonu.
    74 | D        | Found a burning altar of Makhleb.
    75 | D        | Found a sparkling altar of Nemelex Xobeh.
    76 | D        | Found an iron altar of Okawaru.
    77 | D        | Became a worshipper of Gozag Ym Sagoz the Greedy
    78 | D        | Found a stormy altar of Qazlal.
    79 | D        | Found a sacrificial altar of Ru.
    80 | D        | Found a shimmering blue altar of Sif Muna.
    81 | D        | Found a bloodstained altar of Trog.
    82 | D        | Found a hide-covered altar of Uskayaw.
    83 | D        | Found a radiant altar of Vehumet.
    84 | D        | Found an ornate altar of the Wu Jian Council.
    85 | D        | Found a shimmering altar of Xom.
    86 | D        | Found a basalt altar of Yredelemnul.
    87 | D        | Found a glowing silver altar of Zin.
    88 | D        | Found a glowing golden altar of the Shining One.
   104 | D        | Got the +2 halberd "Piazo" {spect, Drain rElec rF+ rC+}
   119 | D        | Noticed a yak
   119 | D        | Noticed a kobold brigand
   119 | D        | Noticed an acid dragon
   127 | D        | Killed an acid dragon
   128 | D        | Reached skill level 10 in Polearms
   128 | D        | Reached XP level 5. HP: 49/53 MP: 4/4
   131 | D        | Reached XP level 6. HP: 51/62 MP: 5/5
   134 | D        | Reached skill level 11 in Polearms
   139 | D        | Killed a yak
   140 | D        | Reached skill level 12 in Polearms
   140 | D        | Reached XP level 7. HP: 59/71 MP: 6/6
   150 | D        | Noticed a death knight
   150 | D        | Noticed a boulder beetle
   150 | D        | Noticed a tengu warrior
   150 | D        | Noticed a purple ugly thing
   150 | D        | Noticed a vampire mosquito
   150 | D        | Noticed a manticore
   155 | D        | Killed a manticore
   156 | D        | Reached skill level 10 in Fighting
   156 | D        | Reached skill level 14 in Polearms
   156 | D        | Reached skill level 10 in Armour
   160 | D        | Mangled by a purple ugly thing

Illustrated notes

Levels and vault maps discovered:
D:        linesprint [early_d, line_temple, items_1, d_10, items_2, lair_1,
          lair_end, items_3, orc_1, orc_end, items_4, d_15, swamp_1, shoals_1,
          snake_1, spider_1, d_20, vaults_1, items_5, swamp_end, shoals_end,
          snake_end, spider_end, vaults_end, d_27, items_6, zot_1, zot_end,
          crypt_end, forest_end, elf_end, slime_end, tomb_end, abyss_end,
          pan_hell_end]

Skill      XL: |  1  2  3  4  5  6  7 |
---------------+----------------------+-----
Polearms       | 5 8 10 12 14 | 14.5
Fighting       | 5 6 8 9 10 | 10.9
Armour         | 5 6 8 9 10 | 10.9
Shields        | |  3.6

Action                     |  1- 3 |  4- 6 |  7- 9 || total
---------------------------+-------+-------+-------++-------
  Melee: Trident           |    36 |       |       ||    36
         Headbutt          |     1 |     3 |     3 ||     7
         Halberd           |       |    14 |     9 ||    23
 Armour: Scale mail        |    11 |     2 |     3 ||    16
  Dodge: Dodged            |    20 |     5 |     6 ||    31
  Block: Buckler           |     3 |       |       ||     3
